 Dungeon Crawl Stone Soup version 0.15.0-29-ga8e3430 (webtiles) character file.

128 RobertPalmer the Chiller (level 4, -4/27 HPs)
             Began as a High Elf Ice Elementalist on Sept 12, 2014.
             Was a Follower of Dithmenos.
             Killed from afar by an orc wizard (6 damage)
             ... with a magic dart
             ... on Level 4 of the Dungeon.
             The game lasted 00:06:58 (2730 turns).

RobertPalmer the Chiller (HEIE)                     Turns: 2730, Time: 00:06:59

HP  -4/27        AC  3     Str  7      XL: 4   Next: 86%
MP   2/3         EV 11     Int 22      God: Dithmenos [*.....]
Gold 121         SH  0     Dex 18      Spells:  2 memorised,  3 levels left

rFire  . . .     SeeInvis .     f - +0 dagger (antimagic)
rCold  . . .     Clarity  .     h - +0 leather armour
rNeg   . . .     rCorr    .     (no shield)
rPois  .         rRot     .     (no helmet)
rElec  .         Spirit   .     (no cloak)
SustAb .         Warding  .     (no gloves)
rMut   .         Stasis   .     (no boots)
Gourm  .                        (no amulet)
MR     .....                    r - +2 ring of dexterity
                                n - +3 ring of intelligence

@: confused, very slightly contaminated, hasted, wreathed by umbra, very quick,
not resistant to hostile enchantments, very unstealthy
A: no striking features
a: Renounce Religion


You were on level 4 of the Dungeon.
You worshipped Dithmenos.
Dithmenos was aware of your devotion.
You were not hungry.

You visited 1 branch of the dungeon, and saw 4 of its levels.

You collected 121 gold pieces.


   Skills:
 - Level 2.1 Dodging
 - Level 2.1 Stealth
 - Level 2.4 Spellcasting
   Level 1.1 Conjurations
 + Level 5.6 Ice Magic


You had 3 spell levels left.
You knew the following spells:

 Your Spells              Type           Power        Failure   Level  Hunger
a - Ozocubu's Armour      Chrm/Ice       ###.....     14%         3    ###....
z - Freeze                Ice            ####         1%          1    None

Inventory:

Hand weapons
 f - a +0 antimagic dagger (weapon)
Missiles
 l - 19 poisoned needles
Armour
 h - a +0 leather armour (worn)
Comestibles
 c - 5 bread rations
 g - 2 beef jerkies
 j - 5 fruits
 k - a chunk of jackal flesh {@*1}
 m - 2 chunks of worm flesh {@*1}
 o - a rotting chunk of ball python flesh {@*1}
 q - a meat ration
Scrolls
 a - a scroll of blinking
 e - 3 scrolls of remove curse
 p - 2 scrolls of fog {unknown}
 s - a scroll of amnesia {unknown}
 t - a scroll of identify
Jewellery
 n - a +3 ring of intelligence (left hand)
 r - a +2 ring of dexterity (right hand)
Potions
 i - a potion of lignification {unknown}
Books
 b - a book of Frost

Dungeon Overview and Level Annotations

Branches:
Dungeon (4/15)
 Temple: D:4-7

Altars:
Dithmenos
Kikubaaqudgha
Qazlal
Sif Muna
The Shining One

#..... ...#........ #.....
#..... #..#..........# #...##
#..... #..+..........# #...#.
#..... #..#..........# #...+.
.##.....##..#..........# #...#.
............#..........# ##..#.
............'..........# #..##.
####...##..#..........####...+.
#...##..#..@...........#..#.
.........+..............+..#.
..........#..............##'#.
##+###+###...................
.(................#+##.....
.................# #.....
.................+ +.....
..............(..# #.....
##+########'#....# ###+##


There were no monsters in sight!


Message History

f - a +0 antimagic dagger (weapon)
You start resting.
Something unseen opens the door.
The magic dart hits you!
There is an open door here.
You barely miss something. You completely miss something.
You hear some strange, mumbled words.
The magic dart hits you!
* * * LOW HITPOINT WARNING * * *
You barely miss something. Something hits you.
* * * LOW HITPOINT WARNING * * *
You closely miss something. You hit something but do no damage.
Something hits you.
* * * LOW HITPOINT WARNING * * *
Okay, then.
Okay, then.
Unknown command.
Aiming: Freeze You freeze something.
You hear some strange, mumbled words.
You are confused.
Drink which item? (? for menu, Esc to quit)
You feel yourself speed up.
You are very lightly contaminated with residual magic.
The magic dart hits you!
* * * LOW HITPOINT WARNING * * *
You hear some strange, mumbled words.
The magic dart hits you!
You die...

Action                   |  1- 3 |  4- 6 || total
-------------------------+-------+-------++-------
Melee: Unarmed           |     4 |     5 ||     9
       Dagger            |       |     5 ||     5
 Cast: Freeze            |    45 |    49 ||    94
  Use: Potion            |     3 |     1 ||     4
       Scroll            |     1 |     4 ||     5
  Eat: Chunk             |     1 |     5 ||     6

Vault maps used:
D:1:      sevenhm_arrival_forest_fort_small_4
D:2:      nicolae_dithmenos_shadow_blocks, lemuel_blue_sif_altar, first_bread,
          uniq_jessica
D:3:      old_standard_altar, kiku_gazebo_garden_becter, portal_sewer_entry_c,
          minmay_hedge_maze, grunt_decor_cap
D:4:      lemuel_crystal_altar

Notes
Turn   | Place    | Note
--------------------------------------------------------------
     0 | D:1      | RobertPalmer, the High Elf Ice Elementalist, began the quest for the Orb.
     0 | D:1      | Reached XP level 1. HP: 11/11 MP: 4/4
   418 | D:1      | Reached XP level 2. HP: 17/17 MP: 3/6
   643 | D:2      | Reached skill level 4 in Ice Magic
   795 | D:2      | Found a shadowy altar of Dithmenos.
   806 | D:2      | Became a worshipper of Dithmenos the Shadowed
   866 | D:2      | Reached XP level 3. HP: 18/21 MP: 0/8
   938 | D:2      | Learned a level 3 spell: Ozocubu's Armour
  1072 | D:2      | Noticed Jessica
  1216 | D:2      | Killed Jessica
  1216 | D:2      | Reached skill level 5 in Ice Magic
  1216 | D:2      | Reached XP level 4. HP: 9/27 MP: 1/11
  1559 | D:2      | Found a deep blue altar of Sif Muna.
  1844 | D:3      | Found an ancient bone altar of Kikubaaqudgha.
  1898 | D:3      | Found a stormy altar of Qazlal.
  2328 | D:3      | Found a glowing drain.
  2508 | D:4      | Found a glowing golden altar of the Shining One.
  2723 | D:4      | HP: 1/27 [something/magic dart (3)]
  2730 | D:4      | Killed from afar by an orc wizard

Vanquished Creatures
  Jessica (D:2)
  4 adders (D:2)
  A green rat (D:3)
  A giant mite (D:3)
  2 worms
  A giant gecko (D:3)
  3 ball pythons
  4 giant cockroaches
  5 hobgoblins
  2 quokkas
  2 bats
  2 giant newts
  3 goblins
  4 jackals (D:4)
  5 kobolds
  13 rats
53 creatures vanquished.
